 Dungeon Crawl Stone Soup version 0.26.1-11-gd32895ea62 (webtiles) character file.

Game seed: 12377101355320277498

6242 ErikD the Carver (level 10, -4/88 HPs)
             Began as a Minotaur Berserker on Feb 5, 2021.
             Was a High Priest of Trog.
             Slain by a seven-headed hydra (6 damage)
             ... on level 10 of the Dungeon on Aug 18, 2021.
             The game lasted 01:10:05 (12006 turns).

ErikD the Carver (Minotaur Berserker)              Turns: 12006, Time: 01:10:06

Health: -4/88      AC:  8    Str: 27    XL:     10   Next: 62%
Magic:  9/9        EV: 10    Int:  5    God:    Trog [*****.]
Gold:   616        SH: 19    Dex: 13    Spells: 9/9 levels left

rFire    + + .     SeeInvis .   W - +7 scimitar
rCold    . . .     Faith    .   H - +1 tower shield {rF+}
rNeg     . . .     Spirit   .   p - +0 scale mail
rPois    .         Reflect  .   (helmet restricted)
rElec    .         Harm     .   (no cloak)
rCorr    .         Rampage  .   (no gloves)
Will     .....                  (no boots)
Stlth    ..........             g - amulet of the acrobat
HPRegen  0.24/turn              o - ring of protection from fire
MPRegen  0.11/turn              F - +6 ring of strength

@: mighty
A: retaliatory headbutt, horns 2
a: Renounce Religion, Berserk, Trog's Hand, Brothers in Arms


You were on level 10 of the Dungeon.
You worshipped Trog.
Trog was extremely pleased with you.
You visited 1 branch of the dungeon, and saw 11 of its levels.

You collected 616 gold pieces.

Inventory:

Hand Weapons
 a - a +0 falchion
 C - a +0 short sword
 P - a +2 halberd of freezing
 Q - a +2 dagger of electrocution
 R - a +1 dagger of flaming
 W - a +7 scimitar (weapon)
Missiles
 m - 387 stones
 B - 4 throwing nets
 E - 9 boomerangs (quivered)
 J - 40 poisoned darts
Armour
 b - a +0 animal skin
 c - a +0 pair of gloves
 h - a +0 ring mail
 i - a +0 pair of gloves
 p - a +0 scale mail (worn)
 t - a +0 tower shield
 A - a +3 leather armour of willpower
 H - a +1 tower shield of fire resistance (worn)
Jewellery
 g - an amulet of the acrobat (around neck)
 o - a ring of protection from fire (left hand)
 F - a +6 ring of strength (right hand)
Wands
 y - a wand of random effects (48)
 K - a wand of disintegration (9)
 M - a wand of iceblast (9)
 U - a wand of enslavement (5)
Scrolls
 d - 6 scrolls of enchant armour {unknown}
 j - 9 scrolls of identify
 k - 2 scrolls of fog
 n - 2 scrolls of magic mapping
 w - 3 scrolls of immolation {unknown}
 x - 5 scrolls of remove curse
 D - 2 scrolls of amnesia {unknown}
 G - a scroll of blinking {unknown}
 L - a scroll of fear {unknown}
 S - a scroll of enchant weapon {unknown}
 V - 3 scrolls of teleportation {unknown}
Potions
 e - a potion of might
 f - a potion of brilliance
 l - 2 potions of heal wounds {unknown}
 q - 2 potions of curing {unknown}
 r - a potion of resistance {unknown}
 s - a potion of degeneration {unknown}
 u - 3 potions of magic {unknown}
 v - 2 potions of invisibility {unknown}
 z - 2 potions of mutation {unknown}
 I - a potion of cancellation {unknown}
 N - a potion of haste {unknown}
 O - a potion of attraction {unknown}
Miscellaneous
 T - a lightning rod (4/4)


   Skills:
 + Level 7.7 Fighting
 + Level 10.7 Long Blades
 + Level 3.6 Throwing
 + Level 9.5 Armour
 + Level 6.0 Dodging
 + Level 1.2 Stealth
 + Level 8.3 Shields
 + Level 1.1 Evocations


You had 9 spell levels left.
You didn't know any spells.
Your spell library was empty.

Dungeon Overview and Level Annotations

Branches:
Dungeon (11/15)              Lair (0/6) D:8
 Temple: D:4-7          Orc: D:9-12

Altars:
Ashenzari
Dithmenos
Elyvilon
Fedhas
Kikubaaqudgha
Makhleb
Nemelex Xobeh
Sif Muna
Trog
Uskayaw
Vehumet
Yredelemnul
The Shining One

Shops:
D:4 [   D:6 *}   D:7 ([*:   D:9 :

Annotations:
D:9 3 runed translucent doors, RawMediocrity's ghost, journeyman OpBe


Innate Abilities, Weirdness & Mutations

You reflexively headbutt those who attack you in melee.
You have a pair of horns on your head.


Message History

The six-headed hydra bites you!
You hack one of the six-headed hydra's heads off!
The five-headed hydra grows two more!
You slice the seven-headed hydra!!
The seven-headed hydra is moderately wounded.
You block the seven-headed hydra's attack.
The seven-headed hydra bites you but does no damage.
You block the seven-headed hydra's attack.
The seven-headed hydra bites you!
* * * LOW HITPOINT WARNING * * *
The seven-headed hydra bites you!
* * * LOW HITPOINT WARNING * * *
You block the seven-headed hydra's attack.
The seven-headed hydra bites you.
* * * LOW HITPOINT WARNING * * *
You feel very mighty all of a sudden. The seven-headed hydra bites you!
* * * LOW HITPOINT WARNING * * *
You block the seven-headed hydra's attack. x2
The seven-headed hydra bites you.
You die...

#.......# #.......#
#.......# ....
#.......# #...##....
#.......# #.........
#.......# #:........
#..[....# #..##.....
#.......# #..##.....
#....@..# #.........
#.....D.# #..D......
#.......#####..)......
#........o.o..........
############..........
#..........
#..........
#..........
#.......?$#


You could see a seven-headed hydra and an orc.

Vanquished Creatures
  A centaur warrior (D:11)
  A troll (D:9)
  Grinder (D:5)
  A hornet (D:8)
  A wyvern (D:11)
  A steam dragon (D:11)
  A warg (D:10)
  A soldier ant (D:8)
  5 orc warriors
  A sky beast (D:7)
  An ice beast (D:10)
  A black bear (D:7)
  5 phantoms
  5 ogres
  3 centaurs
  2 big kobolds
  5 bullfrogs
  2 gnoll sergeants (D:6)
  5 killer bees
  3 wights (D:11)
  A howler monkey (D:9)
  5 electric eels (D:8)
  4 orc priests
  2 bullfrog skeletons
  5 hounds
  A jelly (D:9)
  A centaur skeleton (D:5)
  A gnoll shaman (D:6)
  18 orc wizards
  Ijyb (D:5)
  6 worker ants
  2 howler monkey zombies
  A worker ant zombie (D:7)
  7 adders
  18 gnolls
  2 white imps
  2 ufetubi
  An ooze (D:4)
  2 adder zombies
  An adder skeleton (D:6)
  3 worms (D:2)
  3 dart slugs
  8 leopard geckos
  31 orcs
  2 bats (D:2)
  5 giant cockroaches
  5 goblins
  5 hobgoblins
  6 jackals
  3 quokkas
  A frilled lizard (D:2)
  A goblin zombie (D:8)
  11 kobolds
  A leopard gecko zombie (D:5)
  A quokka zombie (D:8)
  2 rats
215 creatures vanquished.

Vanquished Creatures (collateral kills)
  2 wights (D:11)
  2 orcs (D:11)
4 creatures vanquished.

Vanquished Creatures (others)
  A manticore (D:11)
  A howler monkey (D:11)
  An orc (D:11)
  2 fungi (D:9)
  26 plants
31 creatures vanquished.

Grand Total: 250 creatures vanquished

Notes
Turn   | Place    | Note
-------+----------+-------------------------------------------
     0 | D:1      | ErikD the Minotaur Berserker began the quest for the Orb.
     0 | D:1      | Reached XP level 1. HP: 19/19 MP: 0/0
   205 | D:1      | Reached XP level 2. HP: 23/27 MP: 1/1
   207 | D:1      | Upgraded the game from 0.26.1 to 0.26.1-2-gb8aa6d0cf2
   336 | D:1      | Found a broken altar of Ashenzari.
   428 | D:1      | Reached skill level 4 in Long Blades
   902 | D:2      | Reached XP level 3. HP: 30/33 MP: 2/2
  1362 | D:2      | Reached ** piety under Trog
  1405 | D:2      | Found a sparkling altar of Nemelex Xobeh.
  1821 | D:3      | You fall into a shaft and drop 2 floors!
  1821 | D:5      | Entered Level 5 of the Dungeon
  1838 | D:5      | Reached XP level 4. HP: 26/41 MP: 3/3
  2063 | D:5      | Noticed Grinder
  2069 | D:5      | Killed Grinder
  2070 | D:5      | Reached skill level 5 in Long Blades
  2070 | D:5      | Reached skill level 1 in Throwing
  2070 | D:5      | Reached XP level 5. HP: 28/47 MP: 4/4
  2070 | D:5      | Reached XP level 6. HP: 33/55 MP: 5/5
  2300 | D:5      | Reached skill level 6 in Long Blades
  2668 | D:4      | Found Gaxzuet's Armour Shop.
  2917 | D:4      | Upgraded the game from 0.26.1-2-gb8aa6d0cf2 to
                  | 0.26.1-11-gd32895ea62
  2955 | D:4      | Reached skill level 5 in Fighting
  2955 | D:4      | Reached skill level 5 in Armour
  2955 | D:4      | Reached skill level 1 in Shields
  3085 | D:4      | Reached XP level 7. HP: 47/61 MP: 6/6
  3370 | D:4      | Reached skill level 7 in Long Blades
  3741 | D:5      | Found a white marble altar of Elyvilon.
  3741 | D:5      | Found a blossoming altar of Fedhas.
  3808 | D:5      | Found a glowing golden altar of the Shining One.
  4063 | D:5      | Noticed Ijyb
  4072 | D:5      | Killed Ijyb
  4118 | D:5      | Found a sparkling altar of Nemelex Xobeh.
  4586 | D:6      | Reached XP level 8. HP: 66/69 MP: 7/7
  4697 | D:6      | Reached *** piety under Trog
  4773 | D:6      | Found Peudodea's Gadget Shoppe.
  4787 | D:6      | Found Usaug's Assorted Antiques.
  4817 | D:6      | Found a shimmering blue altar of Sif Muna.
  4831 | D:6      | Found an ancient bone altar of Kikubaaqudgha.
  4849 | D:6      | Found a radiant altar of Vehumet.
  4865 | D:6      | Reached skill level 8 in Long Blades
  4878 | D:6      | Identified Vehumet's Disquisition on Damage Dealing
  5119 | D:6      | Found a shadowy altar of Dithmenos.
  5642 | D:6      | Reached **** piety under Trog
  5807 | D:6      | Found a burning altar of Makhleb.
  5914 | D:7      | Found Ufios's Book Shop.
  5914 | D:7      | Found Vawo Eni's General Store.
  5915 | D:7      | Found Bigu's Antique Weapon Shop.
  5922 | D:7      | Found Gybo's Armour Shop.
  6111 | D:7      | Found a basalt altar of Yredelemnul.
  6241 | D:7      | Reached skill level 5 in Shields
  6317 | D:7      | Reached XP level 9. HP: 77/77 MP: 8/8
  6360 | D:7      | Reached skill level 1 in Stealth
  6950 | D:7      | Found a hide-covered altar of Uskayaw.
  7068 | D:8      | Reached skill level 9 in Long Blades
  7076 | D:8      | Reached skill level 5 in Dodging
  7335 | D:8      | Found a sand-covered staircase.
  8755 | D:8      | Reached ***** piety under Trog
  9301 | D:8      | Found a staircase to the Lair.
  9759 | D:9      | Found Doch's Book Shoppe.
  9839 | D:9      | Noticed a kobold demonologist
  9840 | D:9      | Noticed RawMediocrity's ghost (journeyman OpBe)
  9843 | D:9      | Found a runed translucent gate.
  9843 | D:9      | Found a runed translucent gate.
  9844 | D:9      | Found a runed translucent gate.
  9850 | D:9      | Noticed a kobold demonologist
  9904 | D:9      | Reached skill level 10 in Long Blades
 10073 | D:9      | Reached XP level 10. HP: 82/86 MP: 9/9
 10216 | D:9      | Reached skill level 1 in Evocations
 10510 | D:10     | Entered Level 10 of the Dungeon
 10891 | D:10     | Found a bloodstained altar of Trog.
 11222 | D:11     | Noticed a centaur warrior
 11243 | D:11     | Killed a centaur warrior
 11495 | D:11     | Noticed a manticore
 11982 | D:10     | Noticed a four-headed hydra
 12006 | D:10     | HP: 2/88 [seven-headed hydra (7)]
 12006 | D:10     | Slain by a seven-headed hydra

Illustrated notes

Levels and vault maps discovered:
D:1:      scummos_arrival_simple_crosswalls, layout_basic, ashenzari_altar_1
D:2:      layout_loops_ring, minmay_misc_feat_pillars,
          nemelex_diamond_rough_becter
D:3:      layout_basic, st_stairs_5
D:4:      layout_basic, serial_shops, shop, kennysheep_cross_bottleneck
D:5:      layout_basic, general_overflow_altar,
          gammafunk_temple_overflow_statue, basic_altar, dk_vineyard_3,
          minmay_strange_pillars, uniq_ijyb, uniq_grinder
D:6:      layout_cave_pools, palyth_temple_overflow_mages,
          lemuel_coloured_pillars_altar, nicolae_dithmenos_the_darkroom,
          minmay_temple_entry_from_below_b, serial_gnoll_camp,
          gnoll_camp_mini_sergeant, gnoll_camp_mini_shop, gnoll_camp_medium_01,
          gnoll_camp_mini_hut, gnoll_camp_mini_shop,
          chequers_serial_rivers_large_a
D:7:      layout_loops_corners, kennysheep_mini, yredelemnul_altar_generic,
          minmay_shop_grid_forest, minmay_diced_spiral
D:8:      layout_layer_cave, lair_entry_dummy, enter_ossuary_4,
          chequers_big_river, grunt_ministairs_2
D:9:      layout_long_grid, gammafunk_ghost_nasty_kobolds, serial_shops, shop
D:10:     layout_long_grid, erik_orc_4, basic_altar,
          amcnicky_mini_corridor_feature
D:11:     layout_roguey, basic_altar

Skill      XL: |  1  2  3  4  5  6  7  8  9 10 |
---------------+-------------------------------+-----
Fighting       | 4 5 6 7 |  7.7
Long Blades    | 4 5 6 7 8 10 | 10.7
Armour         | 3 4 5 6 7 8 9 |  9.5
Throwing       | 1 2 3 |  3.6
Dodging        | 3 4 5 6 |  6.0
Shields        | 1 2 5 6 8 |  8.3
Stealth        | 1 |  1.2
Evocations     | 1 |  1.1

Action                   |  1- 3 |  4- 6 |  7- 9 | 10-12 || total
-------------------------+-------+-------+-------+-------++-------
Melee: Falchion          |    64 |    84 |   497 |   103 ||   748
       Headbutt          |    16 |    18 |   106 |    25 ||   165
       Scimitar          |       |       |       |    30 ||    30
Throw: Stone             |    17 |     9 |    58 |     3 ||    87
       Boomerang         |       |       |       |     4 ||     4
Invok: Berserk           |     2 |     2 |    12 |     1 ||    17
Evoke: Wand              |       |       |    14 |     8 ||    22
       Lightning rod     |       |       |       |     1 ||     1
  Use: Scroll            |     3 |     2 |     2 |     2 ||     9
       Potion            |       |       |     3 |     1 ||     4
Armor: Ring mail         |    10 |       |       |       ||    10
       Scale mail        |     5 |    17 |    97 |    15 ||   134
Dodge: Dodged            |    51 |    19 |   131 |    51 ||   252
Block: Tower shield      |       |    37 |   341 |   140 ||   518
       Rpst.: Falchion   |    13 |     3 |    27 |     9 ||    52
